 Dungeon Crawl Stone Soup version 0.19-a0-1457-g32fba05 (webtiles) character file.

228 epen the Ducker (level 5, -1/28 HPs)
             Began as a Spriggan Monk on Sept 6, 2016.
             Slain by a scorpion (8 damage)
             ... on level 4 of the Dungeon.
             The game lasted 00:02:43 (2820 turns).

epen the Ducker (Spriggan Monk)                     Turns: 2820, Time: 00:02:43

Health: -1/28      AC:  3    Str:  7    XL:     5   Next: 71%
Magic:  6/6        EV: 22    Int: 12    God:
Gold:   110        SH:  0    Dex: 19    Spells: 0 memorised, 4 levels left

rFire  . . .     SeeInvis +     a - +0 short sword
rCold  . . .     Gourm    .     b - +1 robe
rNeg   . . .     Faith    .     (shield restricted)
rPois  .         Spirit   .     (helmet restricted)
rElec  .         Dismiss  .     (no cloak)
rCorr  .         Reflect  .     (gloves unavailable)
MR     .....     Harm     .     (boots unavailable)
Stlth  +++.......               (no amulet)
                                (no ring)
                                (no ring)

@: lethally poisoned (-1 -> -25), very quick
A: unfitting armour, see invisible, herbivore 3, speed 3, slow metabolism 2
a: no special abilities


You were on level 4 of the Dungeon.
You were not hungry.

You visited 1 branch of the dungeon, and saw 4 of its levels.

You collected 110 gold pieces.

Inventory:

Hand Weapons
 a - a +0 short sword (weapon)
Armour
 b - a +1 robe (worn)
Scrolls
 f - a scroll of enchant weapon {unknown}
 i - 3 scrolls of identify
 k - a scroll of remove curse
 n - a scroll of enchant armour
 o - a scroll of fear {unknown}
 p - a scroll of noise {unknown}
Potions
 d - 2 potions of curing
 e - a potion of haste {unknown}
 g - 2 potions of flight
 h - a potion of cure mutation {unknown}
 j - a potion of mutation {unknown}
 l - 2 potions of heal wounds
 m - a potion of agility
Comestibles
 c - 6 bread rations


   Skills:
 + Level 3.2 Fighting
 * Level 5.2 Short Blades
 + Level 5.7 Dodging
 + Level 4.8 Stealth


You had 4 spell levels left.
You didn't know any spells.

Dungeon Overview and Level Annotations

Branches:
Dungeon (4/15)
 Temple: D:4-7

Altars:
Makhleb
Qazlal
Trog


Innate Abilities, Weirdness & Mutations

You are tiny and cannot use many weapons and most armour.
You have supernaturally acute eyesight. (SInv)
You are a herbivore.
You cover ground extremely quickly.
You need consume almost no food.


Message History

You hit the scorpion.
The scorpion is lightly wounded.
The scorpion stings you.
You barely miss the scorpion.
The scorpion is lightly wounded.
You barely miss the scorpion.
The scorpion is lightly wounded.
The scorpion stings you.
You are poisoned.
The scorpion poisons you!
You hit the scorpion but do no damage.
The scorpion is lightly wounded.
You feel sick. The scorpion stings you!
You are more poisoned.
The scorpion poisons you!
You hit the scorpion.
The scorpion is lightly wounded.
* * * LOW HITPOINT WARNING * * *
You feel sick. The scorpion stings you!
You die...

############
#..........#
#.#######.##
#.# #.#
#.#######.#
#.#..s@...#
#.#[#######
#.# ..# #.#
..>


You could see a scorpion.

Vanquished Creatures
  Menkaure (D:4)
  A hound (D:3)
  3 adders (D:2)
  An ooze (D:3)
  A dart slug (D:2)
  An orc (D:3)
  A ball python (D:2)
  5 bats
  4 giant cockroaches
  4 goblins
  6 hobgoblins
  2 quokkas
  3 giant newts
  6 kobolds
  7 rats
46 creatures vanquished.

Notes
Turn   | Place    | Note
-------+----------+-------------------------------------------
     0 | D:1      | epen the Spriggan Monk began the quest for the Orb.
     0 | D:1      | Reached XP level 1. HP: 11/11 MP: 2/2
   143 | D:1      | Reached XP level 2. HP: 9/16 MP: 3/3
  1043 | D:2      | Reached XP level 3. HP: 13/19 MP: 4/4
  1795 | D:2      | Found a bloodstained altar of Trog.
  1826 | D:2      | Reached skill level 5 in Dodging
  2263 | D:3      | Reached XP level 4. HP: 23/23 MP: 5/5
  2364 | D:3      | Found a burning altar of Makhleb.
  2566 | D:3      | Noticed a water elemental
  2590 | D:3      | Found a stormy altar of Qazlal.
  2592 | D:3      | Noticed an earth elemental
  2592 | D:3      | Noticed a fire elemental
  2593 | D:3      | Noticed an air elemental
  2801 | D:4      | Noticed Menkaure
  2806 | D:4      | Killed Menkaure
  2806 | D:4      | Reached skill level 5 in Short Blades
  2806 | D:4      | Reached XP level 5. HP: 28/28 MP: 6/6
  2820 | D:4      | Slain by a scorpion

Vault maps used:
D:1:      lightli_arrival_flooded_house, minmay_tetromino_i2
D:2:      nicolae_overflow_hidden_temple
D:3:      makhleb_heckhound_becter, grunt_decor_resistance,
          kennysheep_minor_cross, nicolae_qazlal_style_of_elements
D:4:      uniq_menkaure

Skill      XL: |  1  2  3  4 |
---------------+-------------+-----
Short Blades   | 4 5 |  5.2
Dodging        | 5 |  5.7
Stealth        | 4 |  4.8
Fighting       | 3 |  3.2

Action                   |  1- 3 |  4- 6 || total
-------------------------+-------+-------++-------
Melee: Short sword       |   147 |    33 ||   180
  Use: Scroll            |     8 |       ||     8
 Stab: Sleeping          |     8 |     5 ||    13
       Distracted        |     1 |       ||     1
Armor: Robe              |     7 |     2 ||     9
Dodge: Dodged            |   105 |    19 ||   124
